 Dungeon Crawl Stone Soup version 0.28.0 (webtiles) character file.

Game seed: 17241089199136267678

64 tizbic2 the Vandal (level 3, -7/27 HPs)
             Began as a Demonspawn Hunter on Feb 6, 2022.
             Was a Follower of Okawaru.
             Killed from afar by an orc wizard (8 damage)
             ... with a magic dart
             ... on level 3 of the Dungeon.
             The game lasted 00:11:00 (1847 turns).

tizbic2 the Vandal (Demonspawn Hunter)              Turns: 1847, Time: 00:11:01

Health: -7/27      AC:  6    Str: 12    XL:     3   Next: 91%
Magic:  1/3        EV: 14    Int: 12    God:    Okawaru [*.....]
Gold:   43         SH:  0    Dex: 17    Spells: 2/2 levels left

rFire   . . .      SeeInvis .   w - +0 hand axe
rCold   . . .      Faith    .   (no shield)
rNeg    . . .      Spirit   .   f - +0 ring mail
rPois   .          Reflect  .   (no helmet)
rElec   .          Harm     .   (no cloak)
rCorr   .          Rampage  .   (no gloves)
Will    .....                   (no boots)
Stlth   ++++......              (no amulet)
HPRegen 0.09/turn               (no ring)
MPRegen 0.08/turn               (no ring)

@: heroic
A: thin skeletal structure 1
a: Renounce Religion, Heroism


You were on level 3 of the Dungeon.
You worshipped Okawaru.
Okawaru was aware of your devotion.
You visited 1 branch of the dungeon, and saw 3 of its levels.

You collected 43 gold pieces.

Inventory:

Hand Weapons
 a - a +1 hunting sling
 w - a +0 hand axe (weapon)
Missiles
 d - 19 sling bullets
 g - 56 stones (quivered)
 i - 6 boomerangs
 l - 3 poisoned darts
Armour
 f - a +0 ring mail (worn)
Scrolls
 b - 2 scrolls of identify
 j - a scroll of noise
Potions
 c - 2 potions of lignification {unknown}
 e - 2 potions of curing {unknown}
 h - a potion of flight {unknown}
 k - 2 potions of attraction {unknown}
 m - a potion of degeneration {unknown}


   Skills:
 - Level 2.0(7.0) Fighting
 * Level 4.6(9.6) Slings
 - Level 2.1(7.1) Dodging
 - Level 0.8(5.8) Stealth
 + Level 1.2(6.2) Unarmed Combat


You had 2 spell levels left.
You didn't know any spells.
Your spell library was empty.

Dungeon Overview and Level Annotations

Branches:
Dungeon (3/15)

Altars:
Okawaru

Shops:
D:2 ?


Innate Abilities, Weirdness & Mutations

You have a somewhat thin skeletal structure. (Dex +2, Stealth+)


Message History

You hear some strange, mumbled words.
You are confused.
There is an open door here.
You see here a +0 dagger.
You bump into the rock wall.
Something hits you but does no damage.
You hit something but do no damage. Something hits you but does no damage.
You're too confused to move!
Something hits you but does no damage.
You bump into the rock wall.
You hear some strange, mumbled words.
A magic dart appears from out of thin air!
The magic dart hits you.
You closely miss something.
You feel less confused. Something hits you but does no damage.
You barely miss something. Something hits you but does no damage.
You hear some strange, mumbled words.
A magic dart appears from out of thin air!
The magic dart hits you!
* * * LOW HITPOINT WARNING * * *
You hit something. Something hits you but does no damage.
You gain the combat prowess of a mighty hero.
Something hits you but does no damage.
You miss something. Something hits you but does no damage.
You miss something. Something hits you.
* * * LOW HITPOINT WARNING * * *
You hit something.
An orc wizard appears from thin air!
Reactivating autopickup.
The orc wizard barely misses you.
You hit the orc wizard but do no damage.
The orc wizard is almost dead.
The orc wizard hits you with a +0 dagger.
* * * LOW HITPOINT WARNING * * *
You miss the orc wizard.
The orc wizard is almost dead.
The orc wizard hits you but does no damage.
You miss the orc wizard.
The orc wizard is almost dead.
The orc wizard casts a spell at you. The magic dart hits you!
You die...

# .# .# .##.# ....
... ##########(# #(
....((.....# ((.
#..$.().###.#
###.####
+.......o@#.#.#.#
#...(...
#.......#.#.#...
#.......
#.......#.#.#..(
#.......
#.......#.#.#...
#.......
.........#.#.#.#.#
#.......
...)..#####'#'#.#..
#....... ......
#.......#(.##.......
......
#.......#...........
#.......###.#.......


You could see an orc wizard.

Vanquished Creatures
  An adder (D:2)
  A worm (D:2)
  2 dart slugs (D:3)
  3 orcs (D:3)
  5 ball pythons
  An endoplasm (D:1)
  2 giant cockroaches
  2 goblins
  7 hobgoblins
  4 jackals (D:1)
  3 kobolds
  2 quokkas
  2 bats
  4 frilled lizards
  2 rats (D:1)
41 creatures vanquished.

Vanquished Creatures (others)
  29 plants (D:2)
29 creatures vanquished.

Grand Total: 70 creatures vanquished

Notes
Turn   | Place    | Note
-------+----------+-------------------------------------------
     0 | D:1      | tizbic2 the Demonspawn Hunter began the quest for the Orb.
     0 | D:1      | Reached XP level 1. HP: 16/16 MP: 1/1
   307 | D:1      | Gained mutation: You have a somewhat thin skeletal
                  | structure. (Dex +2, Stealth+) [demonic ancestry]
   307 | D:1      | Reached XP level 2. HP: 22/22 MP: 2/2
   378 | D:1      | Reached skill level 4 in Slings
   548 | D:1      | Found a faded altar of an unknown god.
   573 | D:1      | Prayed at the altar of an unknown god.
   573 | D:1      | Became a worshipper of Warmaster Okawaru
   573 | D:1      | Reached * piety under Okawaru
   849 | D:2      | Reached XP level 3. HP: 11/27 MP: 3/3
  1155 | D:2      | Found Voutaguy's Magic Scroll Boutique.
  1722 | D:3      | Reached skill level 1 in Unarmed Combat
  1845 | D:3      | HP: 1/27 [orc wizard (2)]
  1847 | D:3      | Killed from afar by an orc wizard

Illustrated notes

Levels and vault maps discovered:
D:1:      ebering_hopf_link, layout_loops_ring, ebering_ecumenical_altar_hall,
          nrook_loot_triangle
D:2:      layout_basic, serial_bayou, serial_bayou_lagoon_a,
          serial_bayou_pond_c, serial_bayou_pond_c, serial_bayou_lake_a,
          serial_shops, nicolae_shop_crystal
D:3:      layout_basic, cheibrodos_ashenzari_chains, uniq_ijyb

Skill      XL: |  1  2  3 |
---------------+----------+-----
Dodging        | 2 |  2.1
Slings         | 4 |  4.6
Unarmed Combat | 1 |  1.2
Fighting       | |  2.0
Stealth        | |  0.8

Action                   || total
-------------------------++-------
Melee: Short sword       ||    66
       Hand axe          ||    43
 Fire: Hunting sling     ||    67
Throw: Dart              ||     3
Invok: Heroism           ||     2
  Use: Scroll            ||     1
Armor: Ring mail         ||    41
Dodge: Dodged            ||    72
